Workbook

Sheet ЛСР
B2: Локальный сметный расчет (ЛСР) №7
B3: Объект: «Комплексная застройка территории, расположенной в границах улиц: Тобольский тракт - Обход города Тюмени (мкр. Губернаторский). Многоэтажный жилой дом ГП-72.107» Секция 0, 1, 2
B4: Ведомость объемов работ и расхода материалов по работе: Устройство системы водоснабжения и сопутствующим работам (согласно проекту шифр ВК, стадия Р)
A6: № | B6: Наименование | C6: Артикул, марка, производитель | D6: Характеристика | E6: Ед. изм. | F6: Норма расхода | G6: Секция 0 | H6: Секция 1 | I6: Секция 2 | J6: Количество | K6: Цена за ед., руб | L6: Сумма, руб | M6: Примечание | N6: Форма закупа материала
A8: 11 | B8: Внутренние инженерные сети
A9: 11.02 | B9: Устройство системы водоснабжения | L9: =SUM($L$256,$L$147,$L$270,$L$10) -> 0
A10: 11.02.02 | B10: Устройство водоснабжения (горизонтальная разводка) | L10: =SUM($L$139,$L$11) -> 0
A11: 11.02.02.00 | B11: Устройство водоснабжения (горизонтальная разводка) | L11: =SUM($L$132,$L$130,$L$126,$L$124,$L$122,$L$120,$L$113,$L$111,$L$108,$L$106,$L$104,$L$102,$L$98,$L$96,$L$94,$L$92,$L$90,$L$88,$L$81,$L$79,$L$67,$L$65,$L$63,$L$61,$L$53,$L$51,$L$44,$L$42,$L$38,$L$36,$L$34,$L$32,$L$30,$L$28,$L$16,$L$14,$L$12) -> 0
B12: Работы: | L12: =SUM($L$13) -> 0
B13: Бурение отверстий до 100мм | E13: шт | G13: 24 | J13: =SUM($G$13:$I$13) -> 24 | K13: {=INDEX(Р[Цена за ед., руб],MATCH(1,IF(($B13=Р[Наименование])*($M13=Р[Примечание]),{1},($B13=Р[Наименование])*($M13=Р[Примечание])),0))} -> 0 | L13: =ROUND($J$13*$K$13,2) -> 0
B14: Работы: | L14: =SUM($L$15) -> 0
B15: Изоляция трубопровода | E15: м | G15: 798 | H15: 2616 | I15: 5944 | J15: =SUM($G$15:$I$15) -> 9358 | K15: {=INDEX(Р[Цена за ед., руб],MATCH(1,IF(($B15=Р[Наименование])*($M15=Р[Примечание]),{1},($B15=Р[Наименование])*($M15=Р[Примечание])),0))} -> 0 | L15: =ROUND($J$15*$K$15,2) -> 0
B16: Материалы: | L16: =SUM($L$17:$L$27) -> 0
A17: 1 | B17: Теплоизоляция трубная | C17: K-FLEX | D17: 64х13мм вспененный полиэтилен | E17: пог. м | G17: 136 | J17: =SUM($G$17:$I$17) -> 136 | K17: {=INDEX(М[Цена за ед., руб],MATCH(1,IF(($B17=М[Наим.])*($C17=М[Артикул, марка, произв.])*($D17=М[Хар-ка])*($M17=М[Прим.]),{1},($B17=М[Наим.])*($C17=М[Артикул, марка, произв.])*($D17=М[Хар-ка])*($M17=М[Прим.])),0))} -> 0 | L17: =ROUND($J$17*$K$17,2) -> 0 | N17: {=INDEX(М[Форма закупа],MATCH(1,IF(($B17=М[Наим.])*($C17=М[Артикул, марка, произв.])*($D17=М[Хар-ка])*($M17=М[Прим.]),{1},($B17=М[Наим.])*($C17=М[Артикул, марка, произв.])*($D17=М[Хар-ка])*($M17=М[Прим.])),0))} -> 0
A18: 2 | B18: Теплоизоляция трубная | C18: K-FLEX | D18: 76х13мм вспененный полиэтилен | E18: пог. м | G18: 117 | J18: =SUM($G$18:$I$18) -> 117 | K18: {=INDEX(М[Цена за ед., руб],MATCH(1,IF(($B18=М[Наим.])*($C18=М[Артикул, марка, произв.])*($D18=М[Хар-ка])*($M18=М[Прим.]),{1},($B18=М[Наим.])*($C18=М[Артикул, марка, произв.])*($D18=М[Хар-ка])*($M18=М[Прим.])),0))} -> 0 | L18: =ROUND($J$18*$K$18,2) -> 0 | N18: {=INDEX(М[Форма закупа],MATCH(1,IF(($B18=М[Наим.])*($C18=М[Артикул, марка, произв.])*($D18=М[Хар-ка])*($M18=М[Прим.]),{1},($B18=М[Наим.])*($C18=М[Артикул, марка, произв.])*($D18=М[Хар-ка])*($M18=М[Прим.])),0))} -> 0
A19: 3 | B19: Теплоизоляция трубная | C19: K-FLEX | D19: 89х13мм вспененный полиэтилен | E19: пог. м | G19: 20 | J19: =SUM($G$19:$I$19) -> 20 | K19: {=INDEX(М[Цена за ед., руб],MATCH(1,IF(($B19=М[Наим.])*($C19=М[Артикул, марка, произв.])*($D19=М[Хар-ка])*($M19=М[Прим.]),{1},($B19=М[Наим.])*($C19=М[Артикул, марка, произв.])*($D19=М[Хар-ка])*($M19=М[Прим.])),0))} -> 0 | L19: =ROUND($J$19*$K$19,2) -> 0 | N19: {=INDEX(М[Форма закупа],MATCH(1,IF(($B19=М[Наим.])*($C19=М[Артикул, марка, произв.])*($D19=М[Хар-ка])*($M19=М[Прим.]),{1},($B19=М[Наим.])*($C19=М[Артикул, марка, произв.])*($D19=М[Хар-ка])*($M19=М[Прим.])),0))} -> 0
A20: 4 | B20: Теплоизоляция трубная | C20: K-FLEX | D20: 48х13мм вспененный полиэтилен | E20: пог. м | G20: 30 | J20: =SUM($G$20:$I$20) -> 30 | K20: {=INDEX(М[Цена за ед., руб],MATCH(1,IF(($B20=М[Наим.])*($C20=М[Артикул, марка, произв.])*($D20=М[Хар-ка])*($M20=М[Прим.]),{1},($B20=М[Наим.])*($C20=М[Артикул, марка, произв.])*($D20=М[Хар-ка])*($M20=М[Прим.])),0))} -> 0 | L20: =ROUND($J$20*$K$20,2) -> 0 | N20: {=INDEX(М[Форма закупа],MATCH(1,IF(($B20=М[Наим.])*($C20=М[Артикул, марка, произв.])*($D20=М[Хар-ка])*($M20=М[Прим.]),{1},($B20=М[Наим.])*($C20=М[Артикул, марка, произв.])*($D20=М[Хар-ка])*($M20=М[Прим.])),0))} -> 0
A21: 5 | B21: Теплоизоляция трубная | C21: K-FLEX | D21: 57х13мм вспененный полиэтилен | E21: пог. м | G21: 1 | J21: =SUM($G$21:$I$21) -> 1 | K21: {=INDEX(М[Цена за ед., руб],MATCH(1,IF(($B21=М[Наим.])*($C21=М[Артикул, марка, произв.])*($D21=М[Хар-ка])*($M21=М[Прим.]),{1},($B21=М[Наим.])*($C21=М[Артикул, марка, произв.])*($D21=М[Хар-ка])*($M21=М[Прим.])),0))} -> 0 | L21: =ROUND($J$21*$K$21,2) -> 0 | N21: {=INDEX(М[Форма закупа],MATCH(1,IF(($B21=М[Наим.])*($C21=М[Артикул, марка, произв.])*($D21=М[Хар-ка])*($M21=М[Прим.]),{1},($B21=М[Наим.])*($C21=М[Артикул, марка, произв.])*($D21=М[Хар-ка])*($M21=М[Прим.])),0))} -> 0
A22: 6 | B22: Теплоизоляция трубная | C22: K-FLEX | D22: 50х13мм вспененный полиэтилен | E22: пог. м | G22: 41 | J22: =SUM($G$22:$I$22) -> 41 | K22: {=INDEX(М[Цена за ед., руб],MATCH(1,IF(($B22=М[Наим.])*($C22=М[Артикул, марка, произв.])*($D22=М[Хар-ка])*($M22=М[Прим.]),{1},($B22=М[Наим.])*($C22=М[Артикул, марка, произв.])*($D22=М[Хар-ка])*($M22=М[Прим.])),0))} -> 0 | L22: =ROUND($J$22*$K$22,2) -> 0 | N22: {=INDEX(М[Форма закупа],MATCH(1,IF(($B22=М[Наим.])*($C22=М[Артикул, марка, произв.])*($D22=М[Хар-ка])*($M22=М[Прим.]),{1},($B22=М[Наим.])*($C22=М[Артикул, марка, произв.])*($D22=М[Хар-ка])*($M22=М[Прим.])),0))} -> 0
A23: 7 | B23: Теплоизоляция трубная | C23: K-FLEX | D23: 110х13мм вспененный полиэтилен | E23: пог. м | G23: 23 | J23: =SUM($G$23:$I$23) -> 23 | K23: {=INDEX(М[Цена за ед., руб],MATCH(1,IF(($B23=М[Наим.])*($C23=М[Артикул, марка, произв.])*($D23=М[Хар-ка])*($M23=М[Прим.]),{1},($B23=М[Наим.])*($C23=М[Артикул, марка, произв.])*($D23=М[Хар-ка])*($M23=М[Прим.])),0))} -> 0 | L23: =ROUND($J$23*$K$23,2) -> 0 | N23: {=INDEX(М[Форма закупа],MATCH(1,IF(($B23=М[Наим.])*($C23=М[Артикул, марка, произв.])*($D23=М[Хар-ка])*($M23=М[Прим.]),{1},($B23=М[Наим.])*($C23=М[Артикул, марка, произв.])*($D23=М[Хар-ка])*($M23=М[Прим.])),0))} -> 0
A24: 8 | B24: Теплоизоляция трубная | C24: K-FLEX | D24: 22х13мм вспененный полиэтилен | E24: пог. м | H24: 2600 | I24: 5928 | J24: =SUM($G$24:$I$24) -> 8528 | K24: {=INDEX(М[Цена за ед., руб],MATCH(1,IF(($B24=М[Наим.])*($C24=М[Артикул, марка, произв.])*($D24=М[Хар-ка])*($M24=М[Прим.]),{1},($B24=М[Наим.])*($C24=М[Артикул, марка, произв.])*($D24=М[Хар-ка])*($M24=М[Прим.])),0))} -> 0 | L24: =ROUND($J$24*$K$24,2) -> 0 | N24: {=INDEX(М[Форма закупа],MATCH(1,IF(($B24=М[Наим.])*($C24=М[Артикул, марка, произв.])*($D24=М[Хар-ка])*($M24=М[Прим.]),{1},($B24=М[Наим.])*($C24=М[Артикул, марка, произв.])*($D24=М[Хар-ка])*($M24=М[Прим.])),0))} -> 0
A25: 9 | B25: Теплоизоляция трубная | C25: K-FLEX | D25: 28х13мм вспененный полиэтилен | E25: пог. м | G25: 240 | H25: 16 | I25: 16 | J25: =SUM($G$25:$I$25) -> 272 | K25: {=INDEX(М[Цена за ед., руб],MATCH(1,IF(($B25=М[Наим.])*($C25=М[Артикул, марка, произв.])*($D25=М[Хар-ка])*($M25=М[Прим.]),{1},($B25=М[Наим.])*($C25=М[Артикул, марка, произв.])*($D25=М[Хар-ка])*($M25=М[Прим.])),0))} -> 0 | L25: =ROUND($J$25*$K$25,2) -> 0 | N25: {=INDEX(М[Форма закупа],MATCH(1,IF(($B25=М[Наим.])*($C25=М[Артикул, марка, произв.])*($D25=М[Хар-ка])*($M25=М[Прим.]),{1},($B25=М[Наим.])*($C25=М[Артикул, марка, произв.])*($D25=М[Хар-ка])*($M25=М[Прим.])),0))} -> 0
A26: 10 | B26: Теплоизоляция трубная | C26: K-FLEX | D26: 35х13мм вспененный полиэтилен | E26: пог. м | G26: 170 | J26: =SUM($G$26:$I$26) -> 170 | K26: {=INDEX(М[Цена за ед., руб],MATCH(1,IF(($B26=М[Наим.])*($C26=М[Артикул, марка, произв.])*($D26=М[Хар-ка])*($M26=М[Прим.]),{1},($B26=М[Наим.])*($C26=М[Артикул, марка, произв.])*($D26=М[Хар-ка])*($M26=М[Прим.])),0))} -> 0 | L26: =ROUND($J$26*$K$26,2) -> 0 | N26: {=INDEX(М[Форма закупа],MATCH(1,IF(($B26=М[Наим.])*($C26=М[Артикул, марка, произв.])*($D26=М[Хар-ка])*($M26=М[Прим.]),{1},($B26=М[Наим.])*($C26=М[Артикул, марка, произв.])*($D26=М[Хар-ка])*($M26=М[Прим.])),0))} -> 0
A27: 11 | B27: Теплоизоляция трубная | C27: K-FLEX | D27: 42х13мм вспененный полиэтилен | E27: пог. м | G27: 20 | J27: =SUM($G$27:$I$27) -> 20 | K27: {=INDEX(М[Цена за ед., руб],MATCH(1,IF(($B27=М[Наим.])*($C27=М[Артикул, марка, произв.])*($D27=М[Хар-ка])*($M27=М[Прим.]),{1},($B27=М[Наим.])*($C27=М[Артикул, марка, произв.])*($D27=М[Хар-ка])*($M27=М[Прим.])),0))} -> 0 | L27: =ROUND($J$27*$K$27,2) -> 0 | N27: {=INDEX(М[Форма закупа],MATCH(1,IF(($B27=М[Наим.])*($C27=М[Артикул, марка, произв.])*($D27=М[Хар-ка])*($M27=М[Прим.]),{1},($B27=М[Наим.])*($C27=М[Артикул, марка, произв.])*($D27=М[Хар-ка])*($M27=М[Прим.])),0))} -> 0
B28: Работы: | L28: =SUM($L$29) -> 0
B29: Монтаж автоматического воздухоотводчика | E29: шт | H29: 8 | I29: 8 | J29: =SUM($G$29:$I$29) -> 16 | K29: {=INDEX(Р[Цена за ед., руб],MATCH(1,IF(($B29=Р[Наименование])*($M29=Р[Примечание]),{1},($B29=Р[Наименование])*($M29=Р[Примечание])),0))} -> 0 | L29: =ROUND($J$29*$K$29,2) -> 0
B30: Материалы: | L30: =SUM($L$31) -> 0
A31: 1 | B31: Воздухоотводчик | C31: Valtec | D31: автоматический Ду-15 10bar | E31: шт | H31: 8 | I31: 8 | J31: =SUM($G$31:$I$31) -> 16 | K31: {=INDEX(М[Цена за ед., руб],MATCH(1,IF(($B31=М[Наим.])*($C31=М[Артикул, марка, произв.])*($D31=М[Хар-ка])*($M31=М[Прим.]),{1},($B31=М[Наим.])*($C31=М[Артикул, марка, произв.])*($D31=М[Хар-ка])*($M31=М[Прим.])),0))} -> 0 | L31: =ROUND($J$31*$K$31,2) -> 0 | N31: {=INDEX(М[Форма закупа],MATCH(1,IF(($B31=М[Наим.])*($C31=М[Артикул, марка, произв.])*($D31=М[Хар-ка])*($M31=М[Прим.]),{1},($B31=М[Наим.])*($C31=М[Артикул, марка, произв.])*($D31=М[Хар-ка])*($M31=М[Прим.])),0))} -> 0
B32: Работы: | L32: =SUM($L$33) -> 0
B33: Монтаж затвора | E33: шт | G33: 2 | J33: =SUM($G$33:$I$33) -> 2 | K33: {=INDEX(Р[Цена за ед., руб],MATCH(1,IF(($B33=Р[Наименование])*($M33=Р[Примечание]),{1},($B33=Р[Наименование])*($M33=Р[Примечание])),0))} -> 0 | L33: =ROUND($J$33*$K$33,2) -> 0
B34: Материалы: | L34: =SUM($L$35) -> 0
A35: 1 | B35: Затвор поворотный дисковый | C35: REON | D35: межфланцевый Ду-80 Py-16bar ручной с контролем положения | E35: шт | G35: 2 | J35: =SUM($G$35:$I$35) -> 2 | K35: {=INDEX(М[Цена за ед., руб],MATCH(1,IF(($B35=М[Наим.])*($C35=М[Артикул, марка, произв.])*($D35=М[Хар-ка])*($M35=М[Прим.]),{1},($B35=М[Наим.])*($C35=М[Артикул, марка, произв.])*($D35=М[Хар-ка])*($M35=М[Прим.])),0))} -> 0 | L35: =ROUND($J$35*$K$35,2) -> 0 | N35: {=INDEX(М[Форма закупа],MATCH(1,IF(($B35=М[Наим.])*($C35=М[Артикул, марка, произв.])*($D35=М[Хар-ка])*($M35=М[Прим.]),{1},($B35=М[Наим.])*($C35=М[Артикул, марка, произв.])*($D35=М[Хар-ка])*($M35=М[Прим.])),0))} -> 0
B36: Работы: | L36: =SUM($L$37) -> 0
B37: Монтаж клапана (фланцевые, резьбовые) до 32 мм | E37: шт | G37: 6 | H37: 8 | I37: 8 | J37: =SUM($G$37:$I$37) -> 22 | K37: {=INDEX(Р[Цена за ед., руб],MATCH(1,IF(($B37=Р[Наименование])*($M37=Р[Примечание]),{1},($B37=Р[Наименование])*($M37=Р[Примечание])),0))} -> 0 | L37: =ROUND($J$37*$K$37,2) -> 0
B38: Материалы: | L38: =SUM($L$39:$L$41) -> 0
A39: 1 | B39: Клапан балансировочный | C39: Weser | D39: ручной MVT-R Ду-25 Ру-16бар | E39: шт | G39: 4 | J39: =SUM($G$39:$I$39) -> 4 | K39: {=INDEX(М[Цена за ед., руб],MATCH(1,IF(($B39=М[Наим.])*($C39=М[Артикул, марка, произв.])*($D39=М[Хар-ка])*($M39=М[Прим.]),{1},($B39=М[Наим.])*($C39=М[Артикул, марка, произв.])*($D39=М[Хар-ка])*($M39=М[Прим.])),0))} -> 0 | L39: =ROUND($J$39*$K$39,2) -> 0 | N39: {=INDEX(М[Форма закупа],MATCH(1,IF(($B39=М[Наим.])*($C39=М[Артикул, марка, произв.])*($D39=М[Хар-ка])*($M39=М[Прим.]),{1},($B39=М[Наим.])*($C39=М[Артикул, марка, произв.])*($D39=М[Хар-ка])*($M39=М[Прим.])),0))} -> 0
A40: 2 | B40: Клапан обратный | C40: Valtec | D40: муфтовый Ду-20 Ру-16бар | E40: шт | G40: 2 | J40: =SUM($G$40:$I$40) -> 2 | K40: {=INDEX(М[Цена за ед., руб],MATCH(1,IF(($B40=М[Наим.])*($C40=М[Артикул, марка, произв.])*($D40=М[Хар-ка])*($M40=М[Прим.]),{1},($B40=М[Наим.])*($C40=М[Артикул, марка, произв.])*($D40=М[Хар-ка])*($M40=М[Прим.])),0))} -> 0 | L40: =ROUND($J$40*$K$40,2) -> 0 | N40: {=INDEX(М[Форма закупа],MATCH(1,IF(($B40=М[Наим.])*($C40=М[Артикул, марка, произв.])*($D40=М[Хар-ка])*($M40=М[Прим.]),{1},($B40=М[Наим.])*($C40=М[Артикул, марка, произв.])*($D40=М[Хар-ка])*($M40=М[Прим.])),0))} -> 0
A41: 3 | B41: Клапан регулирующий | C41: Valtec | D41: понижения давления резьбовой Ду-15Ру-10 бар | E41: шт | H41: 8 | I41: 8 | J41: =SUM($G$41:$I$41) -> 16 | K41: {=INDEX(М[Цена за ед., руб],MATCH(1,IF(($B41=М[Наим.])*($C41=М[Артикул, марка, произв.])*($D41=М[Хар-ка])*($M41=М[Прим.]),{1},($B41=М[Наим.])*($C41=М[Артикул, марка, произв.])*($D41=М[Хар-ка])*($M41=М[Прим.])),0))} -> 0 | L41: =ROUND($J$41*$K$41,2) -> 0 | N41: {=INDEX(М[Форма закупа],MATCH(1,IF(($B41=М[Наим.])*($C41=М[Артикул, марка, произв.])*($D41=М[Хар-ка])*($M41=М[Прим.]),{1},($B41=М[Наим.])*($C41=М[Артикул, марка, произв.])*($D41=М[Хар-ка])*($M41=М[Прим.])),0))} -> 0
B42: Работы: | L42: =SUM($L$43) -> 0
B43: Монтаж клапана (фланцевые, резьбовые) от 40 мм | E43: шт | G43: 11 | J43: =SUM($G$43:$I$43) -> 11 | K43: {=INDEX(Р[Цена за ед., руб],MATCH(1,IF(($B43=Р[Наименование])*($M43=Р[Примечание]),{1},($B43=Р[Наименование])*($M43=Р[Примечание])),0))} -> 0 | L43: =ROUND($J$43*$K$43,2) -> 0
B44: Материалы: | L44: =SUM($L$45:$L$50) -> 0
A45: 1 | B45: Клапан балансировочный | C45: Weser | D45: ручной MVT-R Ду-40 Ру-16бар | E45: шт | G45: 1 | J45: =SUM($G$45:$I$45) -> 1 | K45: {=INDEX(М[Цена за ед., руб],MATCH(1,IF(($B45=М[Наим.])*($C45=М[Артикул, марка, произв.])*($D45=М[Хар-ка])*($M45=М[Прим.]),{1},($B45=М[Наим.])*($C45=М[Артикул, марка, произв.])*($D45=М[Хар-ка])*($M45=М[Прим.])),0))} -> 0 | L45: =ROUND($J$45*$K$45,2) -> 0 | N45: {=INDEX(М[Форма закупа],MATCH(1,IF(($B45=М[Наим.])*($C45=М[Артикул, марка, произв.])*($D45=М[Хар-ка])*($M45=М[Прим.]),{1},($B45=М[Наим.])*($C45=М[Артикул, марка, произв.])*($D45=М[Хар-ка])*($M45=М[Прим.])),0))} -> 0
A46: 2 | B46: Клапан балансировочный | C46: Weser | D46: ручной фланцевый Ду-65 Ру-16бар | E46: шт | G46: 1 | J46: =SUM($G$46:$I$46) -> 1 | K46: {=INDEX(М[Цена за ед., руб],MATCH(1,IF(($B46=М[Наим.])*($C46=М[Артикул, марка, произв.])*($D46=М[Хар-ка])*($M46=М[Прим.]),{1},($B46=М[Наим.])*($C46=М[Артикул, марка, произв.])*($D46=М[Хар-ка])*($M46=М[Прим.])),0))} -> 0 | L46: =ROUND($J$46*$K$46,2) -> 0 | N46: {=INDEX(М[Форма закупа],MATCH(1,IF(($B46=М[Наим.])*($C46=М[Артикул, марка, произв.])*($D46=М[Хар-ка])*($M46=М[Прим.]),{1},($B46=М[Наим.])*($C46=М[Артикул, марка, произв.])*($D46=М[Хар-ка])*($M46=М[Прим.])),0))} -> 0
A47: 3 | B47: Клапан балансировочный | C47: Weser | D47: ручной фланцевый Ду-50 Ру-16бар | E47: шт | G47: 1 | J47: =SUM($G$47:$I$47) -> 1 | K47: {=INDEX(М[Цена за ед., руб],MATCH(1,IF(($B47=М[Наим.])*($C47=М[Артикул, марка, произв.])*($D47=М[Хар-ка])*($M47=М[Прим.]),{1},($B47=М[Наим.])*($C47=М[Артикул, марка, произв.])*($D47=М[Хар-ка])*($M47=М[Прим.])),0))} -> 0 | L47: =ROUND($J$47*$K$47,2) -> 0 | N47: {=INDEX(М[Форма закупа],MATCH(1,IF(($B47=М[Наим.])*($C47=М[Артикул, марка, произв.])*($D47=М[Хар-ка])*($M47=М[Прим.]),{1},($B47=М[Наим.])*($C47=М[Артикул, марка, произв.])*($D47=М[Хар-ка])*($M47=М[Прим.])),0))} -> 0
A48: 4 | B48: Клапан обратный | C48: REON | D48: Межфланцевый Ду-100 Ру-16бар | E48: шт | G48: 2 | J48: =SUM($G$48:$I$48) -> 2 | K48: {=INDEX(М[Цена за ед., руб],MATCH(1,IF(($B48=М[Наим.])*($C48=М[Артикул, марка, произв.])*($D48=М[Хар-ка])*($M48=М[Прим.]),{1},($B48=М[Наим.])*($C48=М[Артикул, марка, произв.])*($D48=М[Хар-ка])*($M48=М[Прим.])),0))} -> 0 | L48: =ROUND($J$48*$K$48,2) -> 0 | N48: {=INDEX(М[Форма закупа],MATCH(1,IF(($B48=М[Наим.])*($C48=М[Артикул, марка, произв.])*($D48=М[Хар-ка])*($M48=М[Прим.]),{1},($B48=М[Наим.])*($C48=М[Артикул, марка, произв.])*($D48=М[Хар-ка])*($M48=М[Прим.])),0))} -> 0
A49: 5 | B49: Клапан обратный | C49: REON | D49: Межфланцевый Ду-80 Ру-16бар | E49: шт | G49: 4 | J49: =SUM($G$49:$I$49) -> 4 | K49: {=INDEX(М[Цена за ед., руб],MATCH(1,IF(($B49=М[Наим.])*($C49=М[Артикул, марка, произв.])*($D49=М[Хар-ка])*($M49=М[Прим.]),{1},($B49=М[Наим.])*($C49=М[Артикул, марка, произв.])*($D49=М[Хар-ка])*($M49=М[Прим.])),0))} -> 0 | L49: =ROUND($J$49*$K$49,2) -> 0 | N49: {=INDEX(М[Форма закупа],MATCH(1,IF(($B49=М[Наим.])*($C49=М[Артикул, марка, произв.])*($D49=М[Хар-ка])*($M49=М[Прим.]),{1},($B49=М[Наим.])*($C49=М[Артикул, марка, произв.])*($D49=М[Хар-ка])*($M49=М[Прим.])),0))} -> 0
A50: 6 | B50: Клапан обратный | C50: REON | D50: Межфланцевый Ду-65 Ру-16бар | E50: шт | G50: 2 | J50: =SUM($G$50:$I$50) -> 2 | K50: {=INDEX(М[Цена за ед., руб],MATCH(1,IF(($B50=М[Наим.])*($C50=М[Артикул, марка, произв.])*($D50=М[Хар-ка])*($M50=М[Прим.]),{1},($B50=М[Наим.])*($C50=М[Артикул, марка, произв.])*($D50=М[Хар-ка])*($M50=М[Прим.])),0))} -> 0 | L50: =ROUND($J$50*$K$50,2) -> 0 | N50: {=INDEX(М[Форма закупа],MATCH(1,IF(($B50=М[Наим.])*($C50=М[Артикул, марка, произв.])*($D50=М[Хар-ка])*($M50=М[Прим.]),{1},($B50=М[Наим.])*($C50=М[Артикул, марка, произв.])*($D50=М[Хар-ка])*($M50=М[Прим.])),0))} -> 0
B51: Работы: | L51: =SUM($L$52) -> 0
B52: Монтаж коллектора | E52: шт | H52: 52 | I52: 62 | J52: =SUM($G$52:$I$52) -> 114 | K52: {=INDEX(Р[Цена за ед., руб],MATCH(1,IF(($B52=Р[Наименование])*($M52=Р[Примечание]),{1},($B52=Р[Наименование])*($M52=Р[Примечание])),0))} -> 0 | L52: =ROUND($J$52*$K$52,2) -> 0
B53: Материалы: | L53: =SUM($L$54:$L$60) -> 0
A54: 1 | B54: Коллектор (в сборе) распределительный | D54: Д-50 с 5-ю выходами (диаметр подключения Ду32) | E54: шт | I54: 48 | J54: =SUM($G$54:$I$54) -> 48 | K54: {=INDEX(М[Цена за ед., руб],MATCH(1,IF(($B54=М[Наим.])*($C54=М[Артикул, марка, произв.])*($D54=М[Хар-ка])*($M54=М[Прим.]),{1},($B54=М[Наим.])*($C54=М[Артикул, марка, произв.])*($D54=М[Хар-ка])*($M54=М[Прим.])),0))} -> 0 | L54: =ROUND($J$54*$K$54,2) -> 0 | M54: в комплекте с кранами, фильтами, редукторами давления. | N54: {=INDEX(М[Форма закупа],MATCH(1,IF(($B54=М[Наим.])*($C54=М[Артикул, марка, произв.])*($D54=М[Хар-ка])*($M54=М[Прим.]),{1},($B54=М[Наим.])*($C54=М[Артикул, марка, произв.])*($D54=М[Хар-ка])*($M54=М[Прим.])),0))} -> 0
A55: 2 | B55: Коллектор (в сборе) распределительный | D55: Д-40 с 1-м выходом (диаметр подключения Ду25) | E55: шт | I55: 1 | J55: =SUM($G$55:$I$55) -> 1 | K55: {=INDEX(М[Цена за ед., руб],MATCH(1,IF(($B55=М[Наим.])*($C55=М[Артикул, марка, произв.])*($D55=М[Хар-ка])*($M55=М[Прим.]),{1},($B55=М[Наим.])*($C55=М[Артикул, марка, произв.])*($D55=М[Хар-ка])*($M55=М[Прим.])),0))} -> 0 | L55: =ROUND($J$55*$K$55,2) -> 0 | M55: в комплекте с кранами, фильтрами, редукторами давления | N55: {=INDEX(М[Форма закупа],MATCH(1,IF(($B55=М[Наим.])*($C55=М[Артикул, марка, произв.])*($D55=М[Хар-ка])*($M55=М[Прим.]),{1},($B55=М[Наим.])*($C55=М[Артикул, марка, произв.])*($D55=М[Хар-ка])*($M55=М[Прим.])),0))} -> 0
A56: 3 | B56: Коллектор (в сборе) распределительный | D56: Д-50 с 2-мя выходами (диаметр подключения Ду32) | E56: шт | I56: 4 | J56: =SUM($G$56:$I$56) -> 4 | K56: {=INDEX(М[Цена за ед., руб],MATCH(1,IF(($B56=М[Наим.])*($C56=М[Артикул, марка, произв.])*($D56=М[Хар-ка])*($M56=М[Прим.]),{1},($B56=М[Наим.])*($C56=М[Артикул, марка, произв.])*($D56=М[Хар-ка])*($M56=М[Прим.])),0))} -> 0 | L56: =ROUND($J$56*$K$56,2) -> 0 | N56: {=INDEX(М[Форма закупа],MATCH(1,IF(($B56=М[Наим.])*($C56=М[Артикул, марка, произв.])*($D56=М[Хар-ка])*($M56=М[Прим.]),{1},($B56=М[Наим.])*($C56=М[Артикул, марка, произв.])*($D56=М[Хар-ка])*($M56=М[Прим.])),0))} -> 0
A57: 4 | B57: Коллектор (в сборе) распределительный | D57: Д-50 с 2-мя выходами (диаметр подключения Ду32) | E57: шт | H57: 26 | J57: =SUM($G$57:$I$57) -> 26 | K57: {=INDEX(М[Цена за ед., руб],MATCH(1,IF(($B57=М[Наим.])*($C57=М[Артикул, марка, произв.])*($D57=М[Хар-ка])*($M57=М[Прим.]),{1},($B57=М[Наим.])*($C57=М[Артикул, марка, произв.])*($D57=М[Хар-ка])*($M57=М[Прим.])),0))} -> 0 | L57: =ROUND($J$57*$K$57,2) -> 0 | M57: в комплекте с кранами, фильтами, редукторами давления. | N57: {=INDEX(М[Форма закупа],MATCH(1,IF(($B57=М[Наим.])*($C57=М[Артикул, марка, произв.])*($D57=М[Хар-ка])*($M57=М[Прим.]),{1},($B57=М[Наим.])*($C57=М[Артикул, марка, произв.])*($D57=М[Хар-ка])*($M57=М[Прим.])),0))} -> 0
A58: 5 | B58: Коллектор (в сборе) распределительный | D58: Д-50 с 2-мя выходами (диаметр подключения Ду32) | E58: шт | I58: 1 | J58: =SUM($G$58:$I$58) -> 1 | K58: {=INDEX(М[Цена за ед., руб],MATCH(1,IF(($B58=М[Наим.])*($C58=М[Артикул, марка, произв.])*($D58=М[Хар-ка])*($M58=М[Прим.]),{1},($B58=М[Наим.])*($C58=М[Артикул, марка, произв.])*($D58=М[Хар-ка])*($M58=М[Прим.])),0))} -> 0 | L58: =ROUND($J$58*$K$58,2) -> 0 | M58: в комплекте с кранами, фильтрами, редукторами давления | N58: {=INDEX(М[Форма закупа],MATCH(1,IF(($B58=М[Наим.])*($C58=М[Артикул, марка, произв.])*($D58=М[Хар-ка])*($M58=М[Прим.]),{1},($B58=М[Наим.])*($C58=М[Артикул, марка, произв.])*($D58=М[Хар-ка])*($M58=М[Прим.])),0))} -> 0
A59: 6 | B59: Коллектор (в сборе) распределительный | D59: Д-50 с 3-мя выходами (диаметр подключения Ду32) | E59: шт | H59: 26 | I59: 4 | J59: =SUM($G$59:$I$59) -> 30 | K59: {=INDEX(М[Цена за ед., руб],MATCH(1,IF(($B59=М[Наим.])*($C59=М[Артикул, марка, произв.])*($D59=М[Хар-ка])*($M59=М[Прим.]),{1},($B59=М[Наим.])*($C59=М[Артикул, марка, произв.])*($D59=М[Хар-ка])*($M59=М[Прим.])),0))} -> 0 | L59: =ROUND($J$59*$K$59,2) -> 0 | M59: в комплекте с кранами, фильтами, редукторами давления. | N59: {=INDEX(М[Форма закупа],MATCH(1,IF(($B59=М[Наим.])*($C59=М[Артикул, марка, произв.])*($D59=М[Хар-ка])*($M59=М[Прим.]),{1},($B59=М[Наим.])*($C59=М[Артикул, марка, произв.])*($D59=М[Хар-ка])*($M59=М[Прим.])),0))} -> 0
A60: 7 | B60: Коллектор (в сборе) распределительный | D60: Д-50 с 4-мя выходами (диаметр подключения Ду32) | E60: шт | I60: 4 | J60: =SUM($G$60:$I$60) -> 4 | K60: {=INDEX(М[Цена за ед., руб],MATCH(1,IF(($B60=М[Наим.])*($C60=М[Артикул, марка, произв.])*($D60=М[Хар-ка])*($M60=М[Прим.]),{1},($B60=М[Наим.])*($C60=М[Артикул, марка, произв.])*($D60=М[Хар-ка])*($M60=М[Прим.])),0))} -> 0 | L60: =ROUND($J$60*$K$60,2) -> 0 | M60: в комплекте с кранами, фильтами, редукторами давления. | N60: {=INDEX(М[Форма закупа],MATCH(1,IF(($B60=М[Наим.])*($C60=М[Артикул, марка, произв.])*($D60=М[Хар-ка])*($M60=М[Прим.]),{1},($B60=М[Наим.])*($C60=М[Артикул, марка, произв.])*($D60=М[Хар-ка])*($M60=М[Прим.])),0))} -> 0
B61: Работы: | L61: =SUM($L$62) -> 0
B62: Монтаж крана с электроприводом | E62: шт | H62: 130 | I62: 282 | J62: =SUM($G$62:$I$62) -> 412 | K62: {=INDEX(Р[Цена за ед., руб],MATCH(1,IF(($B62=Р[Наименование])*($M62=Р[Примечание]),{1},($B62=Р[Наименование])*($M62=Р[Примечание])),0))} -> 0 | L62: =ROUND($J$62*$K$62,2) -> 0
B63: Материалы: | L63: =SUM($L$64) -> 0
A64: 1 | B64: Кран шаровой | C64: Gidrolock | D64: муфтовый с электроприводом В/В Ду-15 полнопроходной | E64: шт | H64: 130 | I64: 282 | J64: =SUM($G$64:$I$64) -> 412 | K64: {=INDEX(М[Цена за ед., руб],MATCH(1,IF(($B64=М[Наим.])*($C64=М[Артикул, марка, произв.])*($D64=М[Хар-ка])*($M64=М[Прим.]),{1},($B64=М[Наим.])*($C64=М[Артикул, марка, произв.])*($D64=М[Хар-ка])*($M64=М[Прим.])),0))} -> 0 | L64: =ROUND($J$64*$K$64,2) -> 0 | N64: {=INDEX(М[Форма закупа],MATCH(1,IF(($B64=М[Наим.])*($C64=М[Артикул, марка, произв.])*($D64=М[Хар-ка])*($M64=М[Прим.]),{1},($B64=М[Наим.])*($C64=М[Артикул, марка, произв.])*($D64=М[Хар-ка])*($M64=М[Прим.])),0))} -> 0
B65: Работы: | L65: =SUM($L$66) -> 0
B66: Монтаж кранов (фланцевые, резьбовые) до 32 мм | E66: шт | G66: 149 | H66: 81 | I66: 157 | J66: =SUM($G$66:$I$66) -> 387 | K66: {=INDEX(Р[Цена за ед., руб],MATCH(1,IF(($B66=Р[Наименование])*($M66=Р[Примечание]),{1},($B66=Р[Наименование])*($M66=Р[Примечание])),0))} -> 0 | L66: =ROUND($J$66*$K$66,2) -> 0
B67: Материалы: | L67: =SUM(L68:L78) -> 0
A68: 1 | B68: Кран шаровой | C68: Valtec | D68: Ду-15 полнопроходный с НГ | E68: шт | G68: 25 | J68: =SUM($G$68:$I$68) -> 25 | K68: {=INDEX(М[Цена за ед., руб],MATCH(1,IF(($B68=М[Наим.])*($C68=М[Артикул, марка, произв.])*($D68=М[Хар-ка])*($M68=М[Прим.]),{1},($B68=М[Наим.])*($C68=М[Артикул, марка, произв.])*($D68=М[Хар-ка])*($M68=М[Прим.])),0))} -> 0 | L68: =ROUND($J$68*$K$68,2) -> 0 | N68: {=INDEX(М[Форма закупа],MATCH(1,IF(($B68=М[Наим.])*($C68=М[Артикул, марка, произв.])*($D68=М[Хар-ка])*($M68=М[Прим.]),{1},($B68=М[Наим.])*($C68=М[Артикул, марка, произв.])*($D68=М[Хар-ка])*($M68=М[Прим.])),0))} -> 0
A69: 2 | B69: Кран шаровой | C69: Valtec | D69: Ду-20 полнопроходный с НГ | E69: шт | G69: 12 | J69: =SUM($G$69:$I$69) -> 12 | K69: {=INDEX(М[Цена за ед., руб],MATCH(1,IF(($B69=М[Наим.])*($C69=М[Артикул, марка, произв.])*($D69=М[Хар-ка])*($M69=М[Прим.]),{1},($B69=М[Наим.])*($C69=М[Артикул, марка, произв.])*($D69=М[Хар-ка])*($M69=М[Прим.])),0))} -> 0 | L69: =ROUND($J$69*$K$69,2) -> 0 | N69: {=INDEX(М[Форма закупа],MATCH(1,IF(($B69=М[Наим.])*($C69=М[Артикул, марка, произв.])*($D69=М[Хар-ка])*($M69=М[Прим.]),{1},($B69=М[Наим.])*($C69=М[Артикул, марка, произв.])*($D69=М[Хар-ка])*($M69=М[Прим.])),0))} -> 0
A70: 3 | B70: Кран шаровой | C70: Valtec | D70: Ду-25 полнопроходный с НГ | E70: шт | G70: 4 | J70: =SUM($G$70:$I$70) -> 4 | K70: {=INDEX(М[Цена за ед., руб],MATCH(1,IF(($B70=М[Наим.])*($C70=М[Артикул, марка, произв.])*($D70=М[Хар-ка])*($M70=М[Прим.]),{1},($B70=М[Наим.])*($C70=М[Артикул, марка, произв.])*($D70=М[Хар-ка])*($M70=М[Прим.])),0))} -> 0 | L70: =ROUND($J$70*$K$70,2) -> 0 | N70: {=INDEX(М[Форма закупа],MATCH(1,IF(($B70=М[Наим.])*($C70=М[Артикул, марка, произв.])*($D70=М[Хар-ка])*($M70=М[Прим.]),{1},($B70=М[Наим.])*($C70=М[Артикул, марка, произв.])*($D70=М[Хар-ка])*($M70=М[Прим.])),0))} -> 0
A71: 4 | B71: Кран шаровой | C71: Valtec | D71: Ду-32 полнопроходный с НГ | E71: шт | G71: 2 | J71: =SUM($G$71:$I$71) -> 2 | K71: {=INDEX(М[Цена за ед., руб],MATCH(1,IF(($B71=М[Наим.])*($C71=М[Артикул, марка, произв.])*($D71=М[Хар-ка])*($M71=М[Прим.]),{1},($B71=М[Наим.])*($C71=М[Артикул, марка, произв.])*($D71=М[Хар-ка])*($M71=М[Прим.])),0))} -> 0 | L71: =ROUND($J$71*$K$71,2) -> 0 | N71: {=INDEX(М[Форма закупа],MATCH(1,IF(($B71=М[Наим.])*($C71=М[Артикул, марка, произв.])*($D71=М[Хар-ка])*($M71=М[Прим.]),{1},($B71=М[Наим.])*($C71=М[Артикул, марка, произв.])*($D71=М[Хар-ка])*($M71=М[Прим.])),0))} -> 0
A72: 5 | B72: Кран шаровой | C72: Valtec | D72: муфтовый со штуцером Ду-20 | E72: шт | G72: 4 | J72: =SUM($G$72:$I$72) -> 4 | K72: {=INDEX(М[Цена за ед., руб],MATCH(1,IF(($B72=М[Наим.])*($C72=М[Артикул, марка, произв.])*($D72=М[Хар-ка])*($M72=М[Прим.]),{1},($B72=М[Наим.])*($C72=М[Артикул, марка, произв.])*($D72=М[Хар-ка])*($M72=М[Прим.])),0))} -> 0 | L72: =ROUND($J$72*$K$72,2) -> 0 | N72: {=INDEX(М[Форма закупа],MATCH(1,IF(($B72=М[Наим.])*($C72=М[Артикул, марка, произв.])*($D72=М[Хар-ка])*($M72=М[Прим.]),{1},($B72=М[Наим.])*($C72=М[Артикул, марка, произв.])*($D72=М[Хар-ка])*($M72=М[Прим.])),0))} -> 0
A73: 6 | B73: Кран шаровой | C73: Valtec | D73: ВР-ВР Ду-15 полнопроходной | E73: шт | G73: 95 | H73: 8 | I73: 8 | J73: =SUM($G$73:$I$73) -> 111 | K73: {=INDEX(М[Цена за ед., руб],MATCH(1,IF(($B73=М[Наим.])*($C73=М[Артикул, марка, произв.])*($D73=М[Хар-ка])*($M73=М[Прим.]),{1},($B73=М[Наим.])*($C73=М[Артикул, марка, произв.])*($D73=М[Хар-ка])*($M73=М[Прим.])),0))} -> 0 | L73: =ROUND($J$73*$K$73,2) -> 0 | N73: {=INDEX(М[Форма закупа],MATCH(1,IF(($B73=М[Наим.])*($C73=М[Артикул, марка, произв.])*($D73=М[Хар-ка])*($M73=М[Прим.]),{1},($B73=М[Наим.])*($C73=М[Артикул, марка, произв.])*($D73=М[Хар-ка])*($M73=М[Прим.])),0))} -> 0
A74: 7 | B74: Кран шаровой | C74: Valtec | D74: ВР-ВР Ду-20 полнопроходной | E74: шт | G74: 4 | J74: =SUM($G$74:$I$74) -> 4 | K74: {=INDEX(М[Цена за ед., руб],MATCH(1,IF(($B74=М[Наим.])*($C74=М[Артикул, марка, произв.])*($D74=М[Хар-ка])*($M74=М[Прим.]),{1},($B74=М[Наим.])*($C74=М[Артикул, марка, произв.])*($D74=М[Хар-ка])*($M74=М[Прим.])),0))} -> 0 | L74: =ROUND($J$74*$K$74,2) -> 0 | N74: {=INDEX(М[Форма закупа],MATCH(1,IF(($B74=М[Наим.])*($C74=М[Артикул, марка, произв.])*($D74=М[Хар-ка])*($M74=М[Прим.]),{1},($B74=М[Наим.])*($C74=М[Артикул, марка, произв.])*($D74=М[Хар-ка])*($M74=М[Прим.])),0))} -> 0
A75: 8 | B75: Кран шаровой | D75: ВР-НР Ду-15 полнопроходной | E75: шт | I75: 3 | J75: =SUM($G$75:$I$75) -> 3 | K75: {=INDEX(М[Цена за ед., руб],MATCH(1,IF(($B75=М[Наим.])*($C75=М[Артикул, марка, произв.])*($D75=М[Хар-ка])*($M75=М[Прим.]),{1},($B75=М[Наим.])*($C75=М[Артикул, марка, произв.])*($D75=М[Хар-ка])*($M75=М[Прим.])),0))} -> 0 | L75: =ROUND($J$75*$K$75,2) -> 0 | M75: для УВП | N75: {=INDEX(М[Форма закупа],MATCH(1,IF(($B75=М[Наим.])*($C75=М[Артикул, марка, произв.])*($D75=М[Хар-ка])*($M75=М[Прим.]),{1},($B75=М[Наим.])*($C75=М[Артикул, марка, произв.])*($D75=М[Хар-ка])*($M75=М[Прим.])),0))} -> 0
A76: 9 | B76: Кран шаровой | C76: Valtec | D76: ВР-НР Ду-15 полнопроходной | E76: шт | H76: 65 | I76: 138 | J76: =SUM($G$76:$I$76) -> 203 | K76: {=INDEX(М[Цена за ед., руб],MATCH(1,IF(($B76=М[Наим.])*($C76=М[Артикул, марка, произв.])*($D76=М[Хар-ка])*($M76=М[Прим.]),{1},($B76=М[Наим.])*($C76=М[Артикул, марка, произв.])*($D76=М[Хар-ка])*($M76=М[Прим.])),0))} -> 0 | L76: =ROUND($J$76*$K$76,2) -> 0 | M76: для УВП | N76: {=INDEX(М[Форма закупа],MATCH(1,IF(($B76=М[Наим.])*($C76=М[Артикул, марка, произв.])*($D76=М[Хар-ка])*($M76=М[Прим.]),{1},($B76=М[Наим.])*($C76=М[Артикул, марка, произв.])*($D76=М[Хар-ка])*($M76=М[Прим.])),0))} -> 0
A77: 10 | B77: Кран шаровой | C77: Valtec | D77: ВР-НР Ду-15 полнопроходной | E77: шт | H77: 8 | I77: 8 | J77: =SUM($G$77:$I$77) -> 16 | K77: {=INDEX(М[Цена за ед., руб],MATCH(1,IF(($B77=М[Наим.])*($C77=М[Артикул, марка, произв.])*($D77=М[Хар-ка])*($M77=М[Прим.]),{1},($B77=М[Наим.])*($C77=М[Артикул, марка, произв.])*($D77=М[Хар-ка])*($M77=М[Прим.])),0))} -> 0 | L77: =ROUND($J$77*$K$77,2) -> 0 | N77: {=INDEX(М[Форма закупа],MATCH(1,IF(($B77=М[Наим.])*($C77=М[Артикул, марка, произв.])*($D77=М[Хар-ка])*($M77=М[Прим.]),{1},($B77=М[Наим.])*($C77=М[Артикул, марка, произв.])*($D77=М[Хар-ка])*($M77=М[Прим.])),0))} -> 0
A78: 11 | B78: Кран трехходовой для манометра | D78: Ду-15 Ру-16 G1/2-М20х1,5 латунь | E78: шт | G78: 3 | J78: =SUM($G$78:$I$78) -> 3 | K78: {=INDEX(М[Цена за ед., руб],MATCH(1,IF(($B78=М[Наим.])*($C78=М[Артикул, марка, произв.])*($D78=М[Хар-ка])*($M78=М[Прим.]),{1},($B78=М[Наим.])*($C78=М[Артикул, марка, произв.])*($D78=М[Хар-ка])*($M78=М[Прим.])),0))} -> 0 | L78: =ROUND($J$78*$K$78,2) -> 0 | N78: {=INDEX(М[Форма закупа],MATCH(1,IF(($B78=М[Наим.])*($C78=М[Артикул, марка, произв.])*($D78=М[Хар-ка])*($M78=М[Прим.]),{1},($B78=М[Наим.])*($C78=М[Артикул, марка, произв.])*($D78=М[Хар-ка])*($M78=М[Прим.])),0))} -> 0
B79: Работы: | L79: =SUM($L$80) -> 0
B80: Монтаж кранов (фланцевые, резьбовые) от 40 мм | E80: шт | G80: 27 | J80: =SUM($G$80:$I$80) -> 27 | K80: {=INDEX(Р[Цена за ед., руб],MATCH(1,IF(($B80=Р[Наименование])*($M80=Р[Примечание]),{1},($B80=Р[Наименование])*($M80=Р[Примечание])),0))} -> 0 | L80: =ROUND($J$80*$K$80,2) -> 0
B81: Материалы: | L81: =SUM($L$82:$L$87) -> 0
A82: 1 | B82: Кран шаровой | C82: Valtec | D82: c НГ Ду-50 полнопроходной | E82: шт | G82: 8 | J82: =SUM($G$82:$I$82) -> 8 | K82: {=INDEX(М[Цена за ед., руб],MATCH(1,IF(($B82=М[Наим.])*($C82=М[Артикул, марка, произв.])*($D82=М[Хар-ка])*($M82=М[Прим.]),{1},($B82=М[Наим.])*($C82=М[Артикул, марка, произв.])*($D82=М[Хар-ка])*($M82=М[Прим.])),0))} -> 0 | L82: =ROUND($J$82*$K$82,2) -> 0 | N82: {=INDEX(М[Форма закупа],MATCH(1,IF(($B82=М[Наим.])*($C82=М[Артикул, марка, произв.])*($D82=М[Хар-ка])*($M82=М[Прим.]),{1},($B82=М[Наим.])*($C82=М[Артикул, марка, произв.])*($D82=М[Хар-ка])*($M82=М[Прим.])),0))} -> 0
A83: 2 | B83: Кран шаровой | C83: LD | D83: фланцевый Ду-100 PN1,6 с электроприводом | E83: шт | G83: 1 | J83: =SUM($G$83:$I$83) -> 1 | K83: {=INDEX(М[Цена за ед., руб],MATCH(1,IF(($B83=М[Наим.])*($C83=М[Артикул, марка, произв.])*($D83=М[Хар-ка])*($M83=М[Прим.]),{1},($B83=М[Наим.])*($C83=М[Артикул, марка, произв.])*($D83=М[Хар-ка])*($M83=М[Прим.])),0))} -> 0 | L83: =ROUND($J$83*$K$83,2) -> 0 | N83: {=INDEX(М[Форма закупа],MATCH(1,IF(($B83=М[Наим.])*($C83=М[Артикул, марка, произв.])*($D83=М[Хар-ка])*($M83=М[Прим.]),{1},($B83=М[Наим.])*($C83=М[Артикул, марка, произв.])*($D83=М[Хар-ка])*($M83=М[Прим.])),0))} -> 0
A84: 3 | B84: Кран шаровой | C84: LD | D84: межфланцевый СТРИЖ Ду-50 PN1,6 | E84: шт | G84: 3 | J84: =SUM($G$84:$I$84) -> 3 | K84: {=INDEX(М[Цена за ед., руб],MATCH(1,IF(($B84=М[Наим.])*($C84=М[Артикул, марка, произв.])*($D84=М[Хар-ка])*($M84=М[Прим.]),{1},($B84=М[Наим.])*($C84=М[Артикул, марка, произв.])*($D84=М[Хар-ка])*($M84=М[Прим.])),0))} -> 0 | L84: =ROUND($J$84*$K$84,2) -> 0 | N84: {=INDEX(М[Форма закупа],MATCH(1,IF(($B84=М[Наим.])*($C84=М[Артикул, марка, произв.])*($D84=М[Хар-ка])*($M84=М[Прим.]),{1},($B84=М[Наим.])*($C84=М[Артикул, марка, произв.])*($D84=М[Хар-ка])*($M84=М[Прим.])),0))} -> 0
A85: 4 | B85: Кран шаровой | C85: LD | D85: межфланцевый СТРИЖ Ду-65 PN1,6 | E85: шт | G85: 1 | J85: =SUM($G$85:$I$85) -> 1 | K85: {=INDEX(М[Цена за ед., руб],MATCH(1,IF(($B85=М[Наим.])*($C85=М[Артикул, марка, произв.])*($D85=М[Хар-ка])*($M85=М[Прим.]),{1},($B85=М[Наим.])*($C85=М[Артикул, марка, произв.])*($D85=М[Хар-ка])*($M85=М[Прим.])),0))} -> 0 | L85: =ROUND($J$85*$K$85,2) -> 0 | N85: {=INDEX(М[Форма закупа],MATCH(1,IF(($B85=М[Наим.])*($C85=М[Артикул, марка, произв.])*($D85=М[Хар-ка])*($M85=М[Прим.]),{1},($B85=М[Наим.])*($C85=М[Артикул, марка, произв.])*($D85=М[Хар-ка])*($M85=М[Прим.])),0))} -> 0
A86: 5 | B86: Кран шаровой | C86: LD | D86: фланцевый Ду-80 | E86: шт | G86: 9 | J86: =SUM($G$86:$I$86) -> 9 | K86: {=INDEX(М[Цена за ед., руб],MATCH(1,IF(($B86=М[Наим.])*($C86=М[Артикул, марка, произв.])*($D86=М[Хар-ка])*($M86=М[Прим.]),{1},($B86=М[Наим.])*($C86=М[Артикул, марка, произв.])*($D86=М[Хар-ка])*($M86=М[Прим.])),0))} -> 0 | L86: =ROUND($J$86*$K$86,2) -> 0 | N86: {=INDEX(М[Форма закупа],MATCH(1,IF(($B86=М[Наим.])*($C86=М[Артикул, марка, произв.])*($D86=М[Хар-ка])*($M86=М[Прим.]),{1},($B86=М[Наим.])*($C86=М[Артикул, марка, произв.])*($D86=М[Хар-ка])*($M86=М[Прим.])),0))} -> 0
A87: 6 | B87: Кран шаровой | C87: LD | D87: фланцевый Ду-100 | E87: шт | G87: 5 | J87: =SUM($G$87:$I$87) -> 5 | K87: {=INDEX(М[Цена за ед., руб],MATCH(1,IF(($B87=М[Наим.])*($C87=М[Артикул, марка, произв.])*($D87=М[Хар-ка])*($M87=М[Прим.]),{1},($B87=М[Наим.])*($C87=М[Артикул, марка, произв.])*($D87=М[Хар-ка])*($M87=М[Прим.])),0))} -> 0 | L87: =ROUND($J$87*$K$87,2) -> 0 | N87: {=INDEX(М[Форма закупа],MATCH(1,IF(($B87=М[Наим.])*($C87=М[Артикул, марка, произв.])*($D87=М[Хар-ка])*($M87=М[Прим.]),{1},($B87=М[Наим.])*($C87=М[Артикул, марка, произв.])*($D87=М[Хар-ка])*($M87=М[Прим.])),0))} -> 0
B88: Работы: | L88: =SUM($L$89) -> 0
B89: Монтаж насосной установки повышения давления | E89: шт | G89: 1 | J89: =SUM($G$89:$I$89) -> 1 | K89: {=INDEX(Р[Цена за ед., руб],MATCH(1,IF(($B89=Р[Наименование])*($M89=Р[Примечание]),{1},($B89=Р[Наименование])*($M89=Р[Примечание])),0))} -> 0 | L89: =ROUND($J$89*$K$89,2) -> 0
B90: Материалы: | L90: =SUM($L$91) -> 0
A91: 1 | B91: Насосная установка повышения давления | C91: WILO либо аналог | D91: 16бар Q=15,9 м3/час Н=69 м | E91: шт | F91: 1 | G91: 1 | J91: =SUM($G$91:$I$91) -> 1 | K91: {=INDEX(М[Цена за ед., руб],MATCH(1,IF(($B91=М[Наим.])*($C91=М[Артикул, марка, произв.])*($D91=М[Хар-ка])*($M91=М[Прим.]),{1},($B91=М[Наим.])*($C91=М[Артикул, марка, произв.])*($D91=М[Хар-ка])*($M91=М[Прим.])),0))} -> 0 | L91: =ROUND($J$91*$K$91,2) -> 0 | M91: COR-3 MVL 808/SKw-EB-R или аналог. в комплекте с виброкомпенсаторами 4 шт | N91: {=INDEX(М[Форма закупа],MATCH(1,IF(($B91=М[Наим.])*($C91=М[Артикул, марка, произв.])*($D91=М[Хар-ка])*($M91=М[Прим.]),{1},($B91=М[Наим.])*($C91=М[Артикул, марка, произв.])*($D91=М[Хар-ка])*($M91=М[Прим.])),0))} -> 0
B92: Работы: | L92: =SUM($L$93) -> 0
B93: Монтаж НСПС | E93: шт | G93: 2 | J93: =SUM($G$93:$I$93) -> 2 | K93: {=INDEX(Р[Цена за ед., руб],MATCH(1,IF(($B93=Р[Наименование])*($M93=Р[Примечание]),{1},($B93=Р[Наименование])*($M93=Р[Примечание])),0))} -> 0 | L93: =ROUND($J$93*$K$93,2) -> 0
B94: Материалы: | L94: =SUM($L$95) -> 0
A95: 1 | B95: Переход | D95: сварной Д125/108 ПЭ / Сталь | E95: шт | G95: 2 | J95: =SUM($G$95:$I$95) -> 2 | K95: {=INDEX(М[Цена за ед., руб],MATCH(1,IF(($B95=М[Наим.])*($C95=М[Артикул, марка, произв.])*($D95=М[Хар-ка])*($M95=М[Прим.]),{1},($B95=М[Наим.])*($C95=М[Артикул, марка, произв.])*($D95=М[Хар-ка])*($M95=М[Прим.])),0))} -> 0 | L95: =ROUND($J$95*$K$95,2) -> 0 | N95: {=INDEX(М[Форма закупа],MATCH(1,IF(($B95=М[Наим.])*($C95=М[Артикул, марка, произв.])*($D95=М[Хар-ка])*($M95=М[Прим.]),{1},($B95=М[Наим.])*($C95=М[Артикул, марка, произв.])*($D95=М[Хар-ка])*($M95=М[Прим.])),0))} -> 0
B96: Работы: | L96: =SUM($L$97) -> 0
B97: Монтаж счетчика | E97: шт | G97: 1 | J97: =SUM($G$97:$I$97) -> 1 | K97: {=INDEX(Р[Цена за ед., руб],MATCH(1,IF(($B97=Р[Наименование])*($M97=Р[Примечание]),{1},($B97=Р[Наименование])*($M97=Р[Примечание])),0))} -> 0 | L97: =ROUND($J$97*$K$97,2) -> 0
B98: Материалы: | L98: =SUM($L$99:$L$101) -> 0
B99: Присоединители для счетчика | E99: компл. | G99: 1 | J99: =SUM($G$100:$I$100) -> 1 | K99: {=INDEX(М[Цена за ед., руб],MATCH(1,IF(($B99=М[Наим.])*($C99=М[Артикул, марка, произв.])*($D99=М[Хар-ка])*($M99=М[Прим.]),{1},($B99=М[Наим.])*($C99=М[Артикул, марка, произв.])*($D99=М[Хар-ка])*($M99=М[Прим.])),0))} -> 0 | L99: =ROUND(J99*K99,2) -> 0 | M99: ответные фланцы+ прокладки | N99: Закупка подрядчик
A100: 1 | B100: Вставка ремонтная | D100: для счетчика Ду50 мм | E100: шт | G100: 1 | J100: =SUM($G$100:$I$100) -> 1 | K100: {=INDEX(М[Цена за ед., руб],MATCH(1,IF(($B100=М[Наим.])*($C100=М[Артикул, марка, произв.])*($D100=М[Хар-ка])*($M100=М[Прим.]),{1},($B100=М[Наим.])*($C100=М[Артикул, марка, произв.])*($D100=М[Хар-ка])*($M100=М[Прим.])),0))} -> 0 | L100: =ROUND($J$100*$K$100,2) -> 0 | N100: {=INDEX(М[Форма закупа],MATCH(1,IF(($B100=М[Наим.])*($C100=М[Артикул, марка, произв.])*($D100=М[Хар-ка])*($M100=М[Прим.]),{1},($B100=М[Наим.])*($C100=М[Артикул, марка, произв.])*($D100=М[Хар-ка])*($M100=М[Прим.])),0))} -> 0
A101: 2 | B101: Счетчик воды | C101: Пульсар | D101: с импульсным выходом Ду-50 Qn- L- | E101: шт | G101: 1 | J101: =SUM($G$101:$I$101) -> 1 | K101: {=INDEX(М[Цена за ед., руб],MATCH(1,IF(($B101=М[Наим.])*($C101=М[Артикул, марка, произв.])*($D101=М[Хар-ка])*($M101=М[Прим.]),{1},($B101=М[Наим.])*($C101=М[Артикул, марка, произв.])*($D101=М[Хар-ка])*($M101=М[Прим.])),0))} -> 0 | L101: =ROUND($J$101*$K$101,2) -> 0 | M101: Счетчик с импульсным выходом и системой передачи показаний по RS-485 Ду 50 Qn=40 м3/ч , Qmin=0,45 м3/ч , IP68 | N101: {=INDEX(М[Форма закупа],MATCH(1,IF(($B101=М[Наим.])*($C101=М[Артикул, марка, произв.])*($D101=М[Хар-ка])*($M101=М[Прим.]),{1},($B101=М[Наим.])*($C101=М[Артикул, марка, произв.])*($D101=М[Хар-ка])*($M101=М[Прим.])),0))} -> 0
B102: Работы: | L102: =SUM($L$103) -> 0
B103: Монтаж трубы из сшитого полиэтилена | E103: м | H103: 2600 | I103: 5928 | J103: =SUM($G$103:$I$103) -> 8528 | K103: {=INDEX(Р[Цена за ед., руб],MATCH(1,IF(($B103=Р[Наименование])*($M103=Р[Примечание]),{1},($B103=Р[Наименование])*($M103=Р[Примечание])),0))} -> 0 | L103: =ROUND($J$103*$K$103,2) -> 0
...

Sheet Работы
A1: Сводная ведомость объемов работ
A3: Наименование | B3: Ед. изм. | C3: Количество | D3: Цена за ед., руб | E3: Сумма, руб | F3: Примечание
A4: Бурение отверстий до 100мм | B4: шт | C4: 24 | E4: =ROUND(Р[[#This Row],[Количество]]*Р[[#This Row],[Цена за ед., руб]],2) -> 0
A5: Изоляция трубопровода | B5: м | C5: 9862 | E5: =ROUND(Р[[#This Row],[Количество]]*Р[[#This Row],[Цена за ед., руб]],2) -> 0
A6: Монтаж автоматического воздухоотводчика | B6: шт | C6: 24 | E6: =ROUND(Р[[#This Row],[Количество]]*Р[[#This Row],[Цена за ед., руб]],2) -> 0
A7: Монтаж затвора | B7: шт | C7: 2 | E7: =ROUND(Р[[#This Row],[Количество]]*Р[[#This Row],[Цена за ед., руб]],2) -> 0
A8: Монтаж клапана (фланцевые, резьбовые) до 32 мм | B8: шт | C8: 22 | E8: =ROUND(Р[[#This Row],[Количество]]*Р[[#This Row],[Цена за ед., руб]],2) -> 0
A9: Монтаж клапана (фланцевые, резьбовые) от 40 мм | B9: шт | C9: 11 | E9: =ROUND(Р[[#This Row],[Количество]]*Р[[#This Row],[Цена за ед., руб]],2) -> 0
A10: Монтаж коллектора | B10: шт | C10: 114 | E10: =ROUND(Р[[#This Row],[Количество]]*Р[[#This Row],[Цена за ед., руб]],2) -> 0
A11: Монтаж крана с электроприводом | B11: шт | C11: 412 | E11: =ROUND(Р[[#This Row],[Количество]]*Р[[#This Row],[Цена за ед., руб]],2) -> 0
A12: Монтаж кранов (фланцевые, резьбовые) до 32 мм | B12: шт | C12: 399 | E12: =ROUND(Р[[#This Row],[Количество]]*Р[[#This Row],[Цена за ед., руб]],2) -> 0
A13: Монтаж кранов (фланцевые, резьбовые) от 40 мм | B13: шт | C13: 27 | E13: =ROUND(Р[[#This Row],[Количество]]*Р[[#This Row],[Цена за ед., руб]],2) -> 0
A14: Монтаж насосной установки повышения давления | B14: шт | C14: 1 | E14: =ROUND(Р[[#This Row],[Количество]]*Р[[#This Row],[Цена за ед., руб]],2) -> 0
A15: Монтаж НСПС | B15: шт | C15: 2 | E15: =ROUND(Р[[#This Row],[Количество]]*Р[[#This Row],[Цена за ед., руб]],2) -> 0
... A30: Прочие работы (навигация) | B30: компл. | C30: 2 | E30: =ROUND(Р[[#This Row],[Количество]]*Р[[#This Row],[Цена за ед., руб]],2) -> 0
A31: Итог | E31: =SUBTOTAL(109,Р[Сумма, руб]) -> 0
D33: Проверка: | E33: =ЛСР!L275-Р[[#Totals],[Сумма, руб]] -> 0

Sheet Материалы
A1: Сводная ведомость объемов материала
A3: Наим. | B3: Артикул, марка, произв. | C3: Хар-ка | D3: Ед. изм. | E3: Количество | F3: Цена за ед., руб | G3: Сумма, руб | H3: Прим. | I3: Форма закупа
A4: Окожушка | C4: оцинк. сталь 0,5мм | D4: м2 | E4: 18 | G4: =ROUND(М[[#This Row],[Количество]]*М[[#This Row],[Цена за ед., руб]],2) -> 0 | H4: гильзы
A5: Труба стальная | C5: 12Х18Н10Т сварка D-26x2.5 | D5: м | E5: 30 | G5: =ROUND(М[[#This Row],[Количество]]*М[[#This Row],[Цена за ед., руб]],2) -> 0
A6: Труба стальная | C6: 12Х18Н10Т сварка D-108x4.0 | D6: м | E6: 23 | G6: =ROUND(М[[#This Row],[Количество]]*М[[#This Row],[Цена за ед., руб]],2) -> 0
A7: Труба стальная | C7: 12Х18Н10Т сварка D-48x3.5 | D7: м | E7: 30 | G7: =ROUND(М[[#This Row],[Количество]]*М[[#This Row],[Цена за ед., руб]],2) -> 0
A8: Труба стальная | C8: 12Х18Н10Т сварка D-57x3.5 | D8: м | E8: 1 | G8: =ROUND(М[[#This Row],[Количество]]*М[[#This Row],[Цена за ед., руб]],2) -> 0
A9: Труба стальная | C9: 12Х18Н10Т сварка D-89x4.5 | D9: м | E9: 45 | G9: =ROUND(М[[#This Row],[Количество]]*М[[#This Row],[Цена за ед., руб]],2) -> 0
A10: Труба стальная | C10: 12Х18Н10Т сварка D-22x3 | D10: м | E10: 0.5 | G10: =ROUND(М[[#This Row],[Количество]]*М[[#This Row],[Цена за ед., руб]],2) -> 0
A11: Труба стальная | C11: 12Х18Н10Т сварка D-76x3.5 | D11: м | E11: 34 | G11: =ROUND(М[[#This Row],[Количество]]*М[[#This Row],[Цена за ед., руб]],2) -> 0
A12: Присоединители для счетчика | D12: компл. | E12: 432 | G12: =ROUND(М[[#This Row],[Количество]]*М[[#This Row],[Цена за ед., руб]],2) -> 0 | H12: с обратным клапаном
A13: Вставка ремонтная | C13: для счетчика Ду50 мм | D13: шт | E13: 1 | G13: =ROUND(М[[#This Row],[Количество]]*М[[#This Row],[Цена за ед., руб]],2) -> 0
A14: Вставка ремонтная | C14: для счетчика Ду15 мм | D14: шт | E14: 432 | G14: =ROUND(М[[#This Row],[Количество]]*М[[#This Row],[Цена за ед., руб]],2) -> 0
A15: Переход | C15: сварной Д125/108 ПЭ / Сталь | D15: шт | E15: 2 | G15: =ROUND(М[[#This Row],[Количество]]*М[[#This Row],[Цена за ед., руб]],2) -> 0
A16: УВП | C16: в сумке | D16: шт | E16: 206 | G16: =ROUND(М[[#This Row],[Количество]]*М[[#This Row],[Цена за ед., руб]],2) -> 0
A17: Счетчик воды | B17: Пульсар | C17: с импульсным выходом Ду-50 Qn- L- | D17: шт | E17: 1 | G17: =ROUND(М[[#This Row],[Количество]]*М[[#This Row],[Цена за ед., руб]],2) -> 0 | H17: Счетчик с импульсным выходом и системой передачи показаний по RS-485 Ду 50 Qn=40 м3/ч , Qmin=0,45 м3/ч , IP68
A18: Счетчик воды | B18: Пульсар | C18: с импульсным выходом Ду-15 Qn-1,5м3/час L-110мм | D18: шт | E18: 432 | G18: =ROUND(М[[#This Row],[Количество]]*М[[#This Row],[Цена за ед., руб]],2) -> 0
A19: Затвор поворотный дисковый | B19: REON | C19: межфланцевый Ду-80 Py-16bar ручной с контролем положения | D19: шт | E19: 2 | G19: =ROUND(М[[#This Row],[Количество]]*М[[#This Row],[Цена за ед., руб]],2) -> 0
A20: Труба полипропиленовая | C20: PPH PN20 DN50х8,3 арм.стекловолокно | D20: пог. м | E20: 231 | G20: =ROUND(М[[#This Row],[Количество]]*М[[#This Row],[Цена за ед., руб]],2) -> 0
A21: Труба полипропиленовая | C21: PPH PN25 DN25х4,2 арм.стекловолокно | D21: пог. м | E21: 450 | G21: =ROUND(М[[#This Row],[Количество]]*М[[#This Row],[Цена за ед., руб]],2) -> 0
A22: Труба полипропиленовая | C22: PPH PN20 DN32х5,4 арм.стекловолокно | D22: пог. м | E22: 265 | G22: =ROUND(М[[#This Row],[Количество]]*М[[#This Row],[Цена за ед., руб]],2) -> 0
A23: Труба полипропиленовая | C23: PPH PN20 DN40х6,7 арм.стекловолокно | D23: пог. м | E23: 249 | G23: =ROUND(М[[#This Row],[Количество]]*М[[#This Row],[Цена за ед., руб]],2) -> 0
A24: Труба полипропиленовая | C24: PPH PN20 DN63х10,5 арм.стекловолокно | D24: пог. м | E24: 350 | G24: =ROUND(М[[#This Row],[Количество]]*М[[#This Row],[Цена за ед., руб]],2) -> 0
A25: Труба полипропиленовая | C25: PPH PN20 DN75х12,5 арм.стекловолокно | D25: пог. м | E25: 83 | G25: =ROUND(М[[#This Row],[Количество]]*М[[#This Row],[Цена за ед., руб]],2) -> 0
A26: Труба электросварная (пог.м.) | C26: стальная D-89х4,0 | D26: пог. м | E26: 8 | G26: =ROUND(М[[#This Row],[Количество]]*М[[#This Row],[Цена за ед., руб]],2) -> 0
A27: Труба электросварная (пог.м.) | C27: стальная D-108х4,0 | D27: пог. м | E27: 8 | G27: =ROUND(М[[#This Row],[Количество]]*М[[#This Row],[Цена за ед., руб]],2) -> 0
A28: Труба электросварная (пог.м.) | C28: стальная D-76х3,5 | D28: пог. м | E28: 12 | G28: =ROUND(М[[#This Row],[Количество]]*М[[#This Row],[Цена за ед., руб]],2) -> 0 | H28: гильзы
A29: Кран шаровой | B29: Valtec | C29: Ду-15 полнопроходный с НГ | D29: шт | E29: 25 | G29: =ROUND(М[[#This Row],[Количество]]*М[[#This Row],[Цена за ед., руб]],2) -> 0
A30: Кран шаровой | B30: Valtec | C30: Ду-20 полнопроходный с НГ | D30: шт | E30: 12 | G30: =ROUND(М[[#This Row],[Количество]]*М[[#This Row],[Цена за ед., руб]],2) -> 0
A31: Кран шаровой | B31: Valtec | C31: Ду-25 полнопроходный с НГ | D31: шт | E31: 8 | G31: =ROUND(М[[#This Row],[Количество]]*М[[#This Row],[Цена за ед., руб]],2) -> 0
A32: Кран шаровой | B32: Valtec | C32: Ду-32 полнопроходный с НГ | D32: шт | E32: 2 | G32: =ROUND(М[[#This Row],[Количество]]*М[[#This Row],[Цена за ед., руб]],2) -> 0
A33: Кран шаровой | B33: Gidrolock | C33: муфтовый с электроприводом В/В Ду-15 полнопроходной | D33: шт | E33: 412 | G33: =ROUND(М[[#This Row],[Количество]]*М[[#This Row],[Цена за ед., руб]],2) -> 0
A34: Кран шаровой | B34: Valtec | C34: c НГ Ду-50 полнопроходной | D34: шт | E34: 8 | G34: =ROUND(М[[#This Row],[Количество]]*М[[#This Row],[Цена за ед., руб]],2) -> 0
A35: Кран шаровой | B35: Valtec | C35: муфтовый со штуцером Ду-20 | D35: шт | E35: 4 | G35: =ROUND(М[[#This Row],[Количество]]*М[[#This Row],[Цена за ед., руб]],2) -> 0
A36: Кран шаровой | B36: LD | C36: фланцевый Ду-100 PN1,6 с электроприводом | D36: шт | E36: 1 | G36: =ROUND(М[[#This Row],[Количество]]*М[[#This Row],[Цена за ед., руб]],2) -> 0
A37: Кран шаровой | B37: LD | C37: межфланцевый СТРИЖ Ду-50 PN1,6 | D37: шт | E37: 3 | G37: =ROUND(М[[#This Row],[Количество]]*М[[#This Row],[Цена за ед., руб]],2) -> 0
A38: Кран шаровой | B38: LD | C38: межфланцевый СТРИЖ Ду-65 PN1,6 | D38: шт | E38: 1 | G38: =ROUND(М[[#This Row],[Количество]]*М[[#This Row],[Цена за ед., руб]],2) -> 0
A39: Кран шаровой | B39: Valtec | C39: ВР-ВР Ду-15 полнопроходной | D39: шт | E39: 119 | G39: =ROUND(М[[#This Row],[Количество]]*М[[#This Row],[Цена за ед., руб]],2) -> 0
A40: Кран шаровой | B40: Valtec | C40: ВР-ВР Ду-20 полнопроходной | D40: шт | E40: 4 | G40: =ROUND(М[[#This Row],[Количество]]*М[[#This Row],[Цена за ед., руб]],2) -> 0
A41: Кран шаровой | B41: LD | C41: фланцевый Ду-80 | D41: шт | E41: 9 | G41: =ROUND(М[[#This Row],[Количество]]*М[[#This Row],[Цена за ед., руб]],2) -> 0
A42: Кран шаровой | C42: ВР-НР Ду-15 полнопроходной | D42: шт | E42: 3 | G42: =ROUND(М[[#This Row],[Количество]]*М[[#This Row],[Цена за ед., руб]],2) -> 0 | H42: для УВП
A43: Кран шаровой | B43: Valtec | C43: ВР-НР Ду-15 полнопроходной | D43: шт | E43: 203 | G43: =ROUND(М[[#This Row],[Количество]]*М[[#This Row],[Цена за ед., руб]],2) -> 0 | H43: для УВП
A44: Кран шаровой | B44: Valtec | C44: ВР-НР Ду-15 полнопроходной | D44: шт | E44: 26 | G44: =ROUND(М[[#This Row],[Количество]]*М[[#This Row],[Цена за ед., руб]],2) -> 0
A45: Кран шаровой | B45: LD | C45: фланцевый Ду-100 | D45: шт | E45: 5 | G45: =ROUND(М[[#This Row],[Количество]]*М[[#This Row],[Цена за ед., руб]],2) -> 0
A46: Воздухоотводчик | C46: автоматический Ду-15 10bar | D46: шт | E46: 4 | G46: =ROUND(М[[#This Row],[Количество]]*М[[#This Row],[Цена за ед., руб]],2) -> 0
A47: Воздухоотводчик | B47: Valtec | C47: автоматический Ду-15 10bar | D47: шт | E47: 20 | G47: =ROUND(М[[#This Row],[Количество]]*М[[#This Row],[Цена за ед., руб]],2) -> 0
A48: Кран трехходовой для манометра | C48: Ду-15 Ру-16 G1/2-М20х1,5 латунь | D48: шт | E48: 3 | G48: =ROUND(М[[#This Row],[Количество]]*М[[#This Row],[Цена за ед., руб]],2) -> 0
A49: Труба сшитый полиэтилен | B49: ONE PLUS | C49: DN-20х2,8 PN-10bar PEXа | D49: пог. м | E49: 8528 | G49: =ROUND(М[[#This Row],[Количество]]*М[[#This Row],[Цена за ед., руб]],2) -> 0
A50: Коллектор (в сборе) распределительный | C50: Д-50 с 5-ю выходами (диаметр подключения Ду32) | D50: шт | E50: 48 | G50: =ROUND(М[[#This Row],[Количество]]*М[[#This Row],[Цена за ед., руб]],2) -> 0 | H50: в комплекте с кранами, фильтами, редукторами давления.
A51: Коллектор (в сборе) распределительный | C51: Д-40 с 1-м выходом (диаметр подключения Ду25) | D51: шт | E51: 1 | G51: =ROUND(М[[#This Row],[Количество]]*М[[#This Row],[Цена за ед., руб]],2) -> 0 | H51: в комплекте с кранами, фильтрами, редукторами давления
A52: Коллектор (в сборе) распределительный | C52: Д-50 с 2-мя выходами (диаметр подключения Ду32) | D52: шт | E52: 4 | G52: =ROUND(М[[#This Row],[Количество]]*М[[#This Row],[Цена за ед., руб]],2) -> 0
A53: Коллектор (в сборе) распределительный | C53: Д-50 с 2-мя выходами (диаметр подключения Ду32) | D53: шт | E53: 26 | G53: =ROUND(М[[#This Row],[Количество]]*М[[#This Row],[Цена за ед., руб]],2) -> 0 | H53: в комплекте с кранами, фильтами, редукторами давления.
A54: Коллектор (в сборе) распределительный | C54: Д-50 с 2-мя выходами (диаметр подключения Ду32) | D54: шт | E54: 1 | G54: =ROUND(М[[#This Row],[Количество]]*М[[#This Row],[Цена за ед., руб]],2) -> 0 | H54: в комплекте с кранами, фильтрами, редукторами давления
A55: Коллектор (в сборе) распределительный | C55: Д-50 с 3-мя выходами (диаметр подключения Ду32) | D55: шт | E55: 30 | G55: =ROUND(М[[#This Row],[Количество]]*М[[#This Row],[Цена за ед., руб]],2) -> 0 | H55: в комплекте с кранами, фильтами, редукторами давления.
A56: Коллектор (в сборе) распределительный | C56: Д-50 с 4-мя выходами (диаметр подключения Ду32) | D56: шт | E56: 4 | G56: =ROUND(М[[#This Row],[Количество]]*М[[#This Row],[Цена за ед., руб]],2) -> 0 | H56: в комплекте с кранами, фильтами, редукторами давления.
A57: Фильтр сетчатый | B57: REON | C57: фланцевый Ду-100 | D57: шт | E57: 1 | G57: =ROUND(М[[#This Row],[Количество]]*М[[#This Row],[Цена за ед., руб]],2) -> 0
A58: Фильтр сетчатый | B58: Valtec | C58: муфтовый ВР-ВР Ду-15 латунь | D58: шт | E58: 20 | G58: =ROUND(М[[#This Row],[Количество]]*М[[#This Row],[Цена за ед., руб]],2) -> 0
A59: Насосная установка повышения давления | B59: WILO либо аналог | C59: 16бар Q=15,9 м3/час Н=69 м | D59: шт | E59: 1 | G59: =ROUND(М[[#This Row],[Количество]]*М[[#This Row],[Цена за ед., руб]],2) -> 0 | H59: COR-3 MVL 808/SKw-EB-R или аналог. в комплекте с виброкомпенсаторами 4 шт
A60: Эмаль (кг.) | C60: ПФ-115 | D60: кг | E60: 85 | G60: =ROUND(М[[#This Row],[Количество]]*М[[#This Row],[Цена за ед., руб]],2) -> 0 | H60: Для навигации
A61: Клапан балансировочный | B61: Weser | C61: ручной MVT-R Ду-40 Ру-16бар | D61: шт | E61: 1 | G61: =ROUND(М[[#This Row],[Количество]]*М[[#This Row],[Цена за ед., руб]],2) -> 0
A62: Клапан балансировочный | B62: Weser | C62: ручной фланцевый Ду-65 Ру-16бар | D62: шт | E62: 1 | G62: =ROUND(М[[#This Row],[Количество]]*М[[#This Row],[Цена за ед., руб]],2) -> 0
A63: Клапан балансировочный | B63: Weser | C63: ручной фланцевый Ду-50 Ру-16бар | D63: шт | E63: 1 | G63: =ROUND(М[[#This Row],[Количество]]*М[[#This Row],[Цена за ед., руб]],2) -> 0
A64: Клапан балансировочный | B64: Weser | C64: ручной MVT-R Ду-25 Ру-16бар | D64: шт | E64: 4 | G64: =ROUND(М[[#This Row],[Количество]]*М[[#This Row],[Цена за ед., руб]],2) -> 0
A65: Клапан обратный | B65: REON | C65: Межфланцевый Ду-100 Ру-16бар | D65: шт | E65: 2 | G65: =ROUND(М[[#This Row],[Количество]]*М[[#This Row],[Цена за ед., руб]],2) -> 0
A66: Клапан обратный | B66: Valtec | C66: муфтовый Ду-20 Ру-16бар | D66: шт | E66: 2 | G66: =ROUND(М[[#This Row],[Количество]]*М[[#This Row],[Цена за ед., руб]],2) -> 0
A67: Клапан обратный | B67: REON | C67: Межфланцевый Ду-80 Ру-16бар | D67: шт | E67: 4 | G67: =ROUND(М[[#This Row],[Количество]]*М[[#This Row],[Цена за ед., руб]],2) -> 0
A68: Клапан обратный | B68: REON | C68: Межфланцевый Ду-65 Ру-16бар | D68: шт | E68: 2 | G68: =ROUND(М[[#This Row],[Количество]]*М[[#This Row],[Цена за ед., руб]],2) -> 0
A69: Клапан регулирующий | B69: Valtec | C69: понижения давления резьбовой Ду-15Ру-10 бар | D69: шт | E69: 20 | G69: =ROUND(М[[#This Row],[Количество]]*М[[#This Row],[Цена за ед., руб]],2) -> 0
A70: Труба полиэтиленовая (пог.м.) | C70: ПЭ-100 SDR13,6 DN125х8,1 | D70: пог. м | E70: 4 | G70: =ROUND(М[[#This Row],[Количество]]*М[[#This Row],[Цена за ед., руб]],2) -> 0
A71: Муфта противопожарная | C71: ПМ-50 | D71: шт | E71: 120 | G71: =ROUND(М[[#This Row],[Количество]]*М[[#This Row],[Цена за ед., руб]],2) -> 0
A72: Муфта противопожарная | C72: ПМ32 | D72: шт | E72: 60 | G72: =ROUND(М[[#This Row],[Количество]]*М[[#This Row],[Цена за ед., руб]],2) -> 0
A73: Теплоизоляция трубная | B73: K-FLEX | C73: 32х13мм вспененный полиэтилен | D73: пог. м | E73: 95 | G73: =ROUND(М[[#This Row],[Количество]]*М[[#This Row],[Цена за ед., руб]],2) -> 0
A74: Теплоизоляция трубная | C74: 64х13мм вспененный полиэтилен | D74: пог. м | E74: 116 | G74: =ROUND(М[[#This Row],[Количество]]*М[[#This Row],[Цена за ед., руб]],2) -> 0
A75: Теплоизоляция трубная | B75: K-FLEX | C75: 64х13мм вспененный полиэтилен | D75: пог. м | E75: 234 | G75: =ROUND(М[[#This Row],[Количество]]*М[[#This Row],[Цена за ед., руб]],2) -> 0
A76: Теплоизоляция трубная | B76: K-FLEX | C76: 76х13мм вспененный полиэтилен | D76: пог. м | E76: 117 | G76: =ROUND(М[[#This Row],[Количество]]*М[[#This Row],[Цена за ед., руб]],2) -> 0
A77: Теплоизоляция трубная | B77: K-FLEX | C77: 89х13мм вспененный полиэтилен | D77: пог. м | E77: 20 | G77: =ROUND(М[[#This Row],[Количество]]*М[[#This Row],[Цена за ед., руб]],2) -> 0
A78: Теплоизоляция трубная | B78: K-FLEX | C78: 48х13мм вспененный полиэтилен | D78: пог. м | E78: 30 | G78: =ROUND(М[[#This Row],[Количество]]*М[[#This Row],[Цена за ед., руб]],2) -> 0
A79: Теплоизоляция трубная | B79: K-FLEX | C79: 57х13мм вспененный полиэтилен | D79: пог. м | E79: 1 | G79: =ROUND(М[[#This Row],[Количество]]*М[[#This Row],[Цена за ед., руб]],2) -> 0
A80: Теплоизоляция трубная | C80: 50х13мм вспененный полиэтилен | D80: пог. м | E80: 104 | G80: =ROUND(М[[#This Row],[Количество]]*М[[#This Row],[Цена за ед., руб]],2) -> 0
A81: Теплоизоляция трубная | B81: K-FLEX | C81: 50х13мм вспененный полиэтилен | D81: пог. м | E81: 127 | G81: =ROUND(М[[#This Row],[Количество]]*М[[#This Row],[Цена за ед., руб]],2) -> 0
A82: Теплоизоляция трубная | B82: K-FLEX | C82: 110х13мм вспененный полиэтилен | D82: пог. м | E82: 23 | G82: =ROUND(М[[#This Row],[Количество]]*М[[#This Row],[Цена за ед., руб]],2) -> 0
A83: Теплоизоляция трубная | B83: K-FLEX | C83: 22х13мм вспененный полиэтилен | D83: пог. м | E83: 8528 | G83: =ROUND(М[[#This Row],[Количество]]*М[[#This Row],[Цена за ед., руб]],2) -> 0
A84: Теплоизоляция трубная | B84: K-FLEX | C84: 28х13мм вспененный полиэтилен | D84: пог. м | E84: 292 | G84: =ROUND(М[[#This Row],[Количество]]*М[[#This Row],[Цена за ед., руб]],2) -> 0
A85: Теплоизоляция трубная | B85: K-FLEX | C85: 35х13мм вспененный полиэтилен | D85: пог. м | E85: 170 | G85: =ROUND(М[[#This Row],[Количество]]*М[[#This Row],[Цена за ед., руб]],2) -> 0
A86: Теплоизоляция трубная | C86: 42х13мм вспененный полиэтилен | D86: пог. м | E86: 62 | G86: =ROUND(М[[#This Row],[Количество]]*М[[#This Row],[Цена за ед., руб]],2) -> 0
A87: Теплоизоляция трубная | B87: K-FLEX | C87: 42х13мм вспененный полиэтилен | D87: пог. м | E87: 189 | G87: =ROUND(М[[#This Row],[Количество]]*М[[#This Row],[Цена за ед., руб]],2) -> 0
A88: Присоединители для счетчика | D88: компл. | E88: 1 | G88: =ROUND(М[[#This Row],[Количество]]*М[[#This Row],[Цена за ед., руб]],2) -> 0 | H88: ответные фланцы+ прокладки
A89: Фитинги для ПЭ (сшитый) трубы | D89: % | G89: =SUMIF(ЛСР!$B$6:$M$273,М[[#This Row],[Наим.]],ЛСР!$L$6:$L$273) -> 0 | H89: для всех разделов, расчитывается от стоимости материалов
A90: Фитинги для ППН трубы | D90: % | G90: =SUMIF(ЛСР!$B$6:$M$273,М[[#This Row],[Наим.]],ЛСР!$L$6:$L$273) -> 0 | H90: для всех разделов, расчитывается от стоимости материалов
A91: Фитинги для ПЭ трубы | D91: % | G91: =SUMIF(ЛСР!$B$6:$M$273,М[[#This Row],[Наим.]],ЛСР!$L$6:$L$273) -> 0 | H91: для всех разделов, расчитывается от стоимости материалов
A92: Фитинги для стальной трубы | D92: % | G92: =SUMIF(ЛСР!$B$6:$M$273,М[[#This Row],[Наим.]],ЛСР!$L$6:$L$273) -> 0 | H92: для всех разделов, расчитывается от стоимости материалов
A93: Прочие материалы | D93: % | G93: =SUMIF(ЛСР!$B$6:$M$273,М[[#This Row],[Наим.]],ЛСР!$L$6:$L$273) -> 0 | H93: для всех разделов, расчитывается от стоимости материалов
A94: Итог | G94: =SUBTOTAL(109,М[Сумма, руб]) -> 0
F96: Проверка: | G96: =ЛСР!L276-М[[#Totals],[Сумма, руб]] -> 0

Sheet ПараметрыЗагрузки
A1: ЛСР | B1: ЛСРГуид
A2: ГП-72.107.01.11.02 Подвал_Устройство системы водоснабжения №1 | B2: 7518ebe8-ba01-11f0-8b59-a036bcbd010b
A3: ГП-72.107.01.11.02 Секция 1_Устройство системы водоснабжения №2 | B3: 39c021e3-c0f5-11f0-8b59-a036bcbd010b
A4: ГП-72.107.02.11.02 Секция 2_Устройство системы водоснабжения №1 | B4: f6da4107-c106-11f0-8b59-a036bcbd010b
